 Dungeon Crawl Stone Soup version 0.24-a0-201-gf205589 (webtiles) character file.

Game seed: 5293075791475893699

123 Lanoc the Slasher (level 4, -11/40 HPs)
             Began as a Draconian Monk on Mar 23, 2019.
             Killed by nerve-wracking pain
             ... invoked by an orc priest
              (14 damage)
             ... on level 4 of the Dungeon.
             The game lasted 00:02:49 (1586 turns).

Lanoc the Slasher (Draconian Monk)                  Turns: 1586, Time: 00:02:50

Health: -11/40     AC:  5    Str: 13    XL:     4   Next: 79%
Magic:  4/4        EV: 19    Int: 11    God:
Gold:   85         SH:  0    Dex: 19    Spells: 3/3 levels left

rFire    . . .     SeeInvis .   a - +0 falchion
rCold    . . .     Gourm    .   (no shield)
rNeg     . . .     Faith    .   (armour unavailable)
rPois    .         Spirit   .   (helmet restricted)
rElec    .         Reflect  .   (no cloak)
rCorr    .         Harm     .   (no gloves)
MR       .....                  (no boots)
Stlth    +++.......             (no amulet)
HPRegen  0.13/turn              (no ring)
MPRegen  0.09/turn              (no ring)

@: agile
A: unfitting armour, cold-blooded, AC +5
a: no special abilities


You were on level 4 of the Dungeon.
You were not hungry.

You visited 1 branch of the dungeon, and saw 4 of its levels.

You collected 85 gold pieces.

Inventory:

Hand Weapons
 a - a +0 falchion (weapon)
Potions
 h - a potion of magic
Comestibles
 b - 3 rations


   Skills:
 + Level 4.1 Fighting
 * Level 4.5 Long Blades
 + Level 3.4 Dodging
 - Level 1.7 Stealth


You had 3 spell levels left.
You didn't know any spells.
Your spell library was empty.

Dungeon Overview and Level Annotations

Branches:
Dungeon (4/15)
 Temple: D:4-7

Altars:
Makhleb


Innate Abilities, Weirdness & Mutations

Your plain brown scales are hard. (AC +5)
You cannot fit into any form of body armour.
You are cold-blooded and may be slowed by cold attacks.


Message History

The orc shouts!
You hit the orc but do no damage.
You tail-slap the orc, but do no damage.
The orc priest invokes the aid of Beogh against you.
Beogh smites you!
* * * LOW HITPOINT WARNING * * *
The orc closely misses you.
An orc comes into view. It is wielding a +0 flail.
The hound closely misses you. The orc misses you. x2; You riposte.
The orc shouts!
You hit the orc but do no damage. The orc wizard casts a spell at you.
The magic dart hits you.
* * * LOW HITPOINT WARNING * * *
You closely miss the orc priest.
The orc priest is almost dead.
The hound barely misses you.
The orc priest invokes the aid of Beogh against you.
Pain shoots through your body!
You die...

,,,,,,,* **,,,,,,,,,,,*,,***,>*,*
,,,,,,,**#.......o#,,**,,**,,,,,*
,,***,,,,....r....#*,,*,,,,,,,,,*
,,,**,,,,,........##,**,,,,,,,,,*
,,,,,,,,,,,#....o..#,*,,**,,,,,,,
,,,,,,,,,.,*#......*,*,,***#.....
,,,,,,,,,..##..ol.#*,,*,,*,,.....
,,,,,,,,,....#ohoo#*,,*,,,,,.....
,,,,,,,*,.......@o##,,,,,,,,,....
,,,,,,,**.......oo.#,,,,,,,*##...
,,,,,,,,,.........o#,,,,,,,*#....
,,***,**,#[...........,,,,**#..a.
,*,,,,,,,#..(..#..........###..<.
,,,,,,,,,.........##......o.o....
,,,,,,,,,...##....#*.o.#..#o###.#
,,,,,*,,,.#.*###.##*,.##*..,,,#.#
,,,,***,,,#,***...***,.*#,**,,...


You could see a hound, 2 orc priests, 2 orc wizards, 7 orcs, a leopard gecko and
a quokka.

Vanquished Creatures
  A centaur skeleton (D:3)
  3 gnolls (D:3)
  2 adders
  A worm (D:3)
  2 leopard geckos
  4 orcs
  4 giant cockroaches (D:3)
  3 hobgoblins
  4 jackals (D:2)
  A ball python (D:4)
  5 bats
  4 frilled lizards
  7 kobolds
  A rat (D:3)
42 creatures vanquished.

Notes
Turn   | Place    | Note
-------+----------+-------------------------------------------
     0 | D:1      | Lanoc the Draconian Monk began the quest for the Orb.
     0 | D:1      | Reached XP level 1. HP: 19/19 MP: 1/1
   164 | D:2      | Reached XP level 2. HP: 16/26 MP: 2/2
   452 | D:3      | Found a burning altar of Makhleb.
   457 | D:3      | Reached XP level 3. HP: 30/33 MP: 3/3
   557 | D:2      | Reached XP level 4. HP: 16/40 MP: 4/4
  1586 | D:4      | Killed from afar by an orc priest

Levels and vault maps discovered:
D:1:      dpeg_arrival_pits, layout_basic
D:2:      layout_rooms
D:3:      layout_loops_cross, bloody_makhleb
D:4:      layout_cave_pools, lemuel_round_altar, cheibrodos_sewer_entry_bend,
          st_stairs_7

Skill      XL: |  1  2  3  4 |
---------------+-------------+-----
Dodging        | 3 |  3.4
Long Blades    | 4 |  4.5
Fighting       | 4 |  4.1
Stealth        | |  1.7

Action                   |  1- 3 |  4- 6 || total
-------------------------+-------+-------++-------
Melee: Falchion          |    68 |    63 ||   131
       Tailslap          |     9 |    17 ||    26
  Use: Scroll            |       |     5 ||     5
       Potion            |       |     2 ||     2
 Stab: Sleeping          |     4 |     2 ||     6
  Eat: Chunk             |       |     2 ||     2
Armor: Skin              |    23 |    18 ||    41
Dodge: Dodged            |    65 |    60 ||   125
       Rpst.: Falchion   |    22 |    22 ||    44

Table legend:
 A = Non-vault XP
 B = Vault XP
 C = Vault XP percentage of total XP
 D = Non-vault monster count
 E = Vault monster count
 F = Vault count percentage of total count
                 A         B        C        D         E       F
            +---------+---------+-------+---------+---------+-------
      Total |     176 |       0 |   0.0 |      42 |       0 |   0.0
            +---------+---------+-------+---------+---------+-------
        D:1 |       1 |       0 |   0.0 |       1 |       0 |   0.0
        D:2 |      41 |       0 |   0.0 |      14 |       0 |   0.0
        D:3 |     133 |       0 |   0.0 |      26 |       0 |   0.0
        D:4 |       1 |       0 |   0.0 |       1 |       0 |   0.0
            +---------+---------+-------+---------+---------+-------
